 Dungeon Crawl Stone Soup version 0.31-a0-1363-g282adc679d (webtiles) character file.

Game seed: 15015432906911084097

127 James the Vexing (level 5, -1/43 HPs)
             Began as a Gnoll Wanderer on Dec 23, 2023.
             Slain by a gnoll
             ... wielding a +0 club
              (3 damage)
             ... on level 3 of the Dungeon.
             The game lasted 00:09:00 (3104 turns).

James the Vexing (Gnoll Wanderer)                   Turns: 3104, Time: 00:09:01

Health: -1/43      AC:  2    Str: 12    XL:     5   Next: 11%
Magic:  6/9        EV: 12    Int: 14    God:
Gold:   114        SH:  0    Dex: 10    Spells: 5/10 levels left

rFire   . . .        a - +0 short sword
rCold   . . .        (no shield)
rNeg    . . .        l - +0 robe
rPois   .            (no helmet)
rElec   .            (no cloak)
rCorr   .            (no gloves)
SInv    .            (no boots)
Will    .....        (no amulet)
Stlth   ++           (no ring)
HPRegen 0.27/turn    (no ring)
MPRegen 0.11/turn

%: no passive effects
@: no status effects
A: fangs 1, strong nose, distributed training
a: no special abilities


You were on level 3 of the Dungeon.
You visited 1 branch of the dungeon, and saw 3 of its levels.

You collected 114 gold pieces.

Inventory:

Hand Weapons
 a - a +0 short sword (weapon)
   (You found it on level 1 of the Dungeon)
 b - a +0 dagger
   (You took it off a kobold on level 1 of the Dungeon)
 j - a +0 mace
   (You found it on level 1 of the Dungeon)
 o - a +0 sling
   (You found it on level 1 of the Dungeon)
Missiles
 e - 3 boomerangs
 i - 4 poisoned darts
 m - 20 stones
Armour
 c - a +0 robe
   (You took it off an orc wizard on level 3 of the Dungeon)
 g - a +0 ring mail
   (You found it on level 1 of the Dungeon)
 l - a +0 robe (worn)
   (You found it on level 1 of the Dungeon)
 n - a +0 scale mail
 s - a +0 ring mail
   (You found it on level 2 of the Dungeon)
 u - a +0 ring mail
   (You found it on level 2 of the Dungeon)
Scrolls
 f - a scroll of enchant armour {unknown}
 h - 4 scrolls of identify {unknown}
 p - a scroll of vulnerability {unknown}
 r - a scroll of enchant weapon {unknown}
 t - a scroll of fog {unknown}
Potions
 d - a potion of lignification {!q}
 k - a potion of magic {unknown}
 q - a potion of curing {unknown}
 v - a potion of resistance {unknown}


   Skills:
 + Level 4.7 Fighting
 + Level 1.4 Short Blades
 + Level 1.4 Long Blades
 + Level 1.4 Axes
 + Level 1.4 Maces & Flails
 + Level 1.4 Polearms
 + Level 1.4 Staves
 + Level 1.4 Ranged Weapons
 + Level 1.4 Throwing
 + Level 2.9 Armour
 + Level 2.9 Dodging
 + Level 1.4 Stealth
 + Level 1.4 Shields
 + Level 1.4 Unarmed Combat
 + Level 3.1 Spellcasting
 + Level 1.1 Conjurations
 + Level 5.5 Hexes
 + Level 1.1 Summonings
 + Level 1.1 Necromancy
 + Level 1.1 Translocations
 + Level 1.1 Fire Magic
 + Level 1.1 Ice Magic
 + Level 1.1 Air Magic
 + Level 1.1 Earth Magic
 + Level 1.1 Alchemy
 + Level 3.0 Invocations
 + Level 2.9 Evocations
 + Level 1.3 Shapeshifting


You had 5 spell levels left.
You knew the following spells:

 Your Spells              Type           Power      Damage    Failure   Level
q - Passwall              Alch/Erth      4%         N/A       21%         2
s - Slow                  Hex            68%        N/A       2%          1
x - Ensorcelled Hibernat  Hex/Ice        22%        N/A       9%          2

Your spell library contained the following spells:

 Spells                   Type           Power      Damage    Failure   Level
 Sandblast                Erth           10%        2d5       13%         1
 Summon Guardian Golem    Hex/Summ       11%        N/A       16%         3
 Stone Arrow              Conj/Erth      10%        3d7       36%         3
 Brom's Barrelling Bould  Conj/Erth      5%         2d3       78%         4
 Olgreb's Toxic Radiance  Alch           5%         N/A       78%         4
 Ozocubu's Refrigeration  Ice            2%         4d8       100%        7
 Discord                  Hex            8%         N/A       100%        8


Dungeon Overview and Level Annotations

Branches:
Dungeon (3/15)

Altars:


Innate Abilities, Weirdness & Mutations

You have very sharp teeth.
Your uncanny sense of smell can sniff out nearby items.
Your experience applies equally to all skills.


Message History

Press: ? - help, Shift-Dir - straight line, f - gnoll
Aim: a gnoll, wielding a +0 club (chance to affect: 53%)
The gnoll resists with significant effort.
Press: ? - help, Shift-Dir - straight line, f/p - gnoll
Aim: a gnoll, wielding a +0 club (chance to affect: 53%)
Okay, then.
b - a +0 dagger (weapon)
Press: ? - help, Shift-Dir - straight line, f/p - gnoll
Aim: a gnoll, wielding a +0 club (chance to affect: 53%)
The gnoll looks drowsy...
The helpless gnoll fails to defend itself.
You hit the gnoll. The gnoll closely misses you.
a - a +0 short sword (weapon)
The gnoll closely misses you.
You barely miss the gnoll. The gnoll barely misses you.
A gnoll comes into view. It is wielding a +0 club.
The gnoll shouts!
You hit the gnoll. The gnoll hits you with a +0 club!
You hit the gnoll but do no damage. The gnoll hits you with a +0 club!
You hit the gnoll. The gnoll hits you with a +0 club.
You barely miss the gnoll. You bite the gnoll, but do no damage.
You closely miss the gnoll. The gnoll hits you with a +0 club.
* * * LOW HITPOINT WARNING * * *
You hit the gnoll but do no damage. Your bite misses the gnoll.
The gnoll completely misses you.
You barely miss the gnoll. The gnoll barely misses you.
You closely miss the gnoll. The gnoll closely misses you.
You barely miss the gnoll. You bite the gnoll, but do no damage.
The gnoll closely misses you.
You barely miss the gnoll. The gnoll misses you.
You barely miss the gnoll. The gnoll hits you with a +0 club!
* * * LOW HITPOINT WARNING * * *
You hit the gnoll but do no damage. The gnoll misses you.
You hit the gnoll. The gnoll hits you with a +0 club!
* * * LOW HITPOINT WARNING * * *
You hit the gnoll.
You kill the gnoll!
You completely miss the gnoll. You bite the gnoll, but do no damage.
The gnoll hits you with a +0 club.
* * * LOW HITPOINT WARNING * * *
You aren't carrying any items that you can evoke.
Unknown command.
Sorry, you're not good enough to have a special ability.
Unknown command.
You aren't carrying any items that you can evoke.
Unknown command.
Press: ? - help, Shift-Dir - straight line, f - gnoll
Aim: a gnoll, wielding a +0 club (chance to affect: 59%)
The gnoll seems to slow down.
The gnoll hits you with a +0 club.
You die...

#...###.......###.######.....##
#...##.........##.#.......####
#........#####.##.#.####.##
#........# #.##.#.###########
#..>.....# #.##.#............
#........# #.##.############.
#........# #.##.# #. ####.....#
#.##.# #. #.....# #@##.# #.
#.....# #g##.# #######) #......
#g##.# #....... #.##.# #.......
#.##.# #....... #.##.# #.......
#.##.######.......
#.#...............
#.#..######......#


You could see 2 gnolls.

Vanquished Creatures
  An orc wizard (D:3)
  A gnoll (D:3)
  2 adders (D:2)
  An adder zombie (D:2)
  An adder skeleton (D:2)
  A dart slug (D:1)
  2 orcs (D:2)
  7 ball pythons
  A bat skeleton (D:2)
  A bat zombie (D:2)
  6 endoplasms
  2 giant cockroaches (D:3)
  4 hobgoblins
  7 jackals
  4 kobolds
  3 quokkas
  4 bats
  A frilled lizard (D:1)
  2 goblins (D:1)
  8 rats
59 creatures vanquished.

Notes
Turn   | Place    | Note
-------+----------+-------------------------------------------
     0 | D:1      | James the Gnoll Wanderer began the quest for the Orb.
     0 | D:1      | James set off with the following items: a +0 club, a +0
                  | scale mail, a potion of heal wounds {@q2}, a potion of
                  | lignification {!q}; and the following spell memorised:
                  | Slow; and the following spells available to memorise:
                  | Ensorcelled Hibernation, Summon Guardian Golem.
     0 | D:1      | Reached XP level 1. HP: 20/20 MP: 4/4
     6 | D:1      | Noticed a felid
     8 | D:1      | Noticed a naga
     9 | D:1      | Noticed a minotaur skeleton
    13 | D:1      | Noticed a merfolk zombie
    15 | D:1      | Noticed a minotaur skeleton
    17 | D:1      | Noticed a minotaur zombie
    17 | D:1      | Noticed a demonspawn zombie
   150 | D:1      | Reached XP level 2. HP: 22/26 MP: 5/5
   342 | D:1      | Learned a level 2 spell: Ensorcelled Hibernation
   658 | D:1      | Reached XP level 3. HP: 25/31 MP: 7/7
   727 | D:1      | Learned a level 2 spell: Passwall
  1386 | D:2      | Reached skill level 1 in Short Blades
  1386 | D:2      | Reached skill level 1 in Long Blades
  1386 | D:2      | Reached skill level 1 in Axes
  1386 | D:2      | Reached skill level 1 in Maces & Flails
  1386 | D:2      | Reached skill level 1 in Polearms
  1386 | D:2      | Reached skill level 1 in Staves
  1386 | D:2      | Reached skill level 1 in Ranged Weapons
  1386 | D:2      | Reached skill level 1 in Throwing
  1386 | D:2      | Reached skill level 1 in Stealth
  1386 | D:2      | Reached skill level 1 in Shields
  1386 | D:2      | Reached skill level 1 in Unarmed Combat
  1659 | D:2      | Reached skill level 1 in Shapeshifting
  1659 | D:2      | Reached XP level 4. HP: 15/38 MP: 0/8
  1963 | D:2      | Found a faded altar of an unknown god.
  2357 | D:2      | Reached skill level 1 in Conjurations
  2357 | D:2      | Reached skill level 1 in Summonings
  2357 | D:2      | Reached skill level 1 in Necromancy
  2357 | D:2      | Reached skill level 1 in Translocations
  2357 | D:2      | Reached skill level 1 in Fire Magic
  2357 | D:2      | Reached skill level 1 in Ice Magic
  2357 | D:2      | Reached skill level 1 in Air Magic
  2357 | D:2      | Reached skill level 1 in Earth Magic
  2357 | D:2      | Reached skill level 1 in Alchemy
  2917 | D:3      | Reached XP level 5. HP: 16/43 MP: 9/9
  3103 | D:3      | HP: 2/43 [gnoll/+0 club (5)]
  3104 | D:3      | Slain by a gnoll

Illustrated notes

Levels and vault maps discovered:
D:1:      shiori_arrival_whats_in_store_for_you, layout_basic
D:2:      layout_loops_cross, shapermc_ecumenical_altar_mp_ritualfount,
          serial_undead, serial_undead_f, serial_undead_b, serial_undead_a,
          serial_undead_a, serial_undead_a, kennysheep_nondescript
D:3:      layout_basic, serial_bayou_pond_e

Skill      XL: |  1  2  3  4 |
---------------+-------------+-----
Short Blades   | 1 |  1.4
Long Blades    | 1 |  1.4
Axes           | 1 |  1.4
Maces & Flails | 1 |  1.4
Polearms       | 1 |  1.4
Staves         | 1 |  1.4
Ranged Weapons | 1 |  1.4
Throwing       | 1 |  1.4
Stealth        | 1 |  1.4
Shields        | 1 |  1.4
Unarmed Combat | 1 |  1.4
Spellcasting   | 3 |  3.1
Shapeshifting  | 1 |  1.3
Conjurations   | 1 |  1.1
Summonings     | 1 |  1.1
Necromancy     | 1 |  1.1
Translocations | 1 |  1.1
Fire Magic     | 1 |  1.1
Ice Magic      | 1 |  1.1
Air Magic      | 1 |  1.1
Earth Magic    | 1 |  1.1
Alchemy        | 1 |  1.1
Invocations    | 3 |  3.0
Fighting       | |  4.7
Armour         | |  2.9
Dodging        | |  2.9
Hexes          | |  5.5
Evocations     | |  2.9

Action                     |  1- 3 |  4- 6 || total
---------------------------+-------+-------++-------
  Melee: Club              |    16 |       ||    16
         Short sword       |   122 |    53 ||   175
         Bite              |    17 |    12 ||    29
         Punch             |     4 |     2 ||     6
         Dagger            |    68 |    71 ||   139
   Cast: Ensorcelled Hiber |    10 |     5 ||    15
         Slow              |     3 |     1 ||     4
    Use: Potion            |       |     2 ||     2
   Stab: Sleeping          |     6 |     3 ||     9
 Armour: Scale mail        |    37 |       ||    37
         Ring mail         |    22 |       ||    22
         Robe              |    64 |    89 ||   153
  Dodge: Dodged            |   124 |    61 ||   185

Table legend: (Time is in decaauts)
 A = Elapsed time spent in this place.
 B = Non-inter-level travel time spent in this place.
 C = Inter-level travel time spent in this place.
 D = Time resting spent in this place.
 E = Time spent auto-exploring this place.
 F = Levels seen in this place.
 G = Mean time per level.
                   A        B        C        D        E       F      G
               +--------+--------+--------+--------+--------+-----+--------+
         Total |   3093 |   2970 |    123 |    416 |   1718 |   3 | 1031.0 |
       Dungeon |   3093 |   2970 |    123 |    416 |   1718 |   3 | 1031.0 |
               +--------+--------+--------+--------+--------+-----+--------+

Top non-repeatable levels by time:
     D:1: 1306 daAuts
     D:2: 1020 daAuts
     D:3: 767 daAuts
